 Dungeon Crawl Stone Soup version 0.16.1-51-g6203257 (webtiles) character file.

282 hannobal the Cudgeler (level 6, -2/44 HPs)
             Began as a Human Warper on July 19, 2015.
             Slain by a worker ant (3 damage)
             ... on level 4 of the Dungeon.
             The game lasted 00:15:48 (5564 turns).

hannobal the Cudgeler (Human Warper)                Turns: 5564, Time: 00:15:48

Health: -2/44      AC:  5    Str: 14    XL:     6   Next: 54%
Magic:  10/10      EV: 12    Int: 13    God:
Gold:   68         SH:  0    Dex: 12    Spells: 4 memorised, 0 levels left

rFire  . . .     SeeInvis .     a - +0 mace
rCold  . . .     Clarity  .     r - +1 leather armour
rNeg   . . .     SustAb   +     (no shield)
rPois  .         Gourm    .     (no helmet)
rElec  .         Spirit   .     (no cloak)
rCorr  .         Warding  .     t - +0 pair of gloves
rMut   .         Stasis   .     (no boots)
MR     .....                    (no amulet)
Stlth  ++........               m - ring of sustain abilities
                                h - ring of stealth

@: not resistant to hostile enchantments, unstealthy
A: no striking features
a: no special abilities


You were on level 4 of the Dungeon.
You were not hungry.

You visited 1 branch of the dungeon, and saw 4 of its levels.

You collected 68 gold pieces.

Inventory:

Hand weapons
 a - a +0 mace (weapon)
 b - a +0 hunting sling
 s - a +0 spear
Missiles
 e - a tomahawk of dispersal
 g - 99 stones (quivered)
 l - 25 arrows
 u - 14 bolts
Armour
 i - a +0 chain mail
 k - a +0 ring mail
 n - a +0 buckler
 r - a +1 leather armour (worn)
 t - a +0 pair of gloves (worn)
Jewellery
 h - a ring of stealth (left hand)
 m - a ring of sustain abilities (right hand)
Scrolls
 d - 2 scrolls of blinking
 o - a scroll of enchant armour
 q - 5 scrolls of identify
Books
 c - a book of Spatial Translocations

   Spells                             Type                      Level
   a - Apportation                    Translocation                1
   b - Blink                          Translocation                2
   c - Shroud of Golubria             Charms/Translocation         2
   d - Portal Projectile              Translocation                3
   e - Teleport Other                 Translocation                3
   f - Passage of Golubria            Translocation                4
Comestibles
 f - 3 bread rations
 j - 5 fruits
 p - 2 chunks of flesh


   Skills:
 - Level 2.0 Fighting
 + Level 6.3 Maces & Flails
 - Level 1.0 Throwing
 - Level 1.0 Armour
 - Level 2.0 Dodging
 - Level 2.0 Spellcasting
 - Level 1.0 Charms
 - Level 3.0 Translocations


You couldn't memorise any spells.
You knew the following spells:

 Your Spells              Type           Power        Failure   Level  Hunger
a - Apportation           Tloc           #.........   10%         1    ##.....
b - Blink                 Tloc           N/A          14%         2    ###....
g - Passage of Golubria   Tloc           N/A          85%         4    #####..
s - Shroud of Golubria    Chrm/Tloc      #.........   21%         2    ###....


Dungeon Overview and Level Annotations

Branches:
Dungeon (4/15)
 Temple: D:4-7

Altars:
Qazlal
Trog

Annotations:
D:4 Natasha


Message History

The magic dart hits you!
* * * LOW HITPOINT WARNING * * *
You barely miss Natasha. The worker ant bites you.
* * * LOW HITPOINT WARNING * * *
Natasha completely misses you. The worker ant barely misses you.
You hit Natasha.
Natasha is moderately wounded.
Natasha claws you.
* * * LOW HITPOINT WARNING * * *
The worker ant barely misses you. Natasha casts a spell next to you.
A cloud of flames roars to life!
You aren't carrying any potions.
Read which item? (? for menu, Esc to quit)
Okay, then.
You hit the worker ant.
The worker ant is lightly wounded.
The shadow imp disappears in a puff of smoke!
The worker ant bites you.
You die...

#......###
#........ #####
#.......##### #...#
#.......#... #.#.#
#.......#.# #.#.#
#.....a...# #.#.#
#......##.# #.#.#
+......'.§#####...#
#......##ha@§)..###
#.......########.#
#.......# #÷#
#...%...# ###.#
........# #<..#
....#### ##### ...
..


You could see a worker ant and Natasha.

Vanquished Creatures
  A crimson imp (D:1)
  A hound (D:4)
  Natasha (D:4)
  7 adders
  4 gnolls
  3 worms (D:3)
  2 giant geckos
  An orc (D:3)
  4 giant cockroaches
  9 hobgoblins
  5 jackals
  9 kobolds
  A quokka (D:4)
  8 bats
  2 giant newts
  6 goblins
  7 rats
71 creatures vanquished.

Notes
Turn   | Place    | Note
--------------------------------------------------------------
     0 | D:1      | hannobal, the Human Warper, began the quest for the Orb.
     0 | D:1      | Reached XP level 1. HP: 16/16 MP: 3/3
    71 | D:1      | Reached XP level 2. HP: 5/22 MP: 4/4
   741 | D:1      | Learned a level 2 spell: Blink
   842 | D:1      | You fall through a shaft!
  1035 | D:2      | Reached XP level 3. HP: 27/27 MP: 6/6
  1195 | D:1      | Reached skill level 4 in Maces & Flails
  1195 | D:1      | Reached XP level 4. HP: 29/33 MP: 7/7
  1201 | D:1      | Learned a level 4 spell: Passage of Golubria
  2136 | D:2      | Found a bloodstained altar of Trog.
  2136 | D:2      | Found a stormy altar of Qazlal.
  2651 | D:2      | Reached XP level 5. HP: 6/38 MP: 9/9
  2905 | D:2      | Reached skill level 5 in Maces & Flails
  4649 | D:3      | Reached XP level 6. HP: 44/44 MP: 10/10
  5179 | D:3      | Reached skill level 6 in Maces & Flails
  5488 | D:4      | Learned a level 2 spell: Shroud of Golubria
  5500 | D:4      | Noticed Natasha
  5507 | D:4      | Killed Natasha
  5507 | D:4      | Reached skill level 1 in Charms
  5547 | D:4      | Noticed Natasha
  5562 | D:4      | HP: 1/44 [Natasha (5)]
  5564 | D:4      | Slain by a worker ant

Action                   |  1- 3 |  4- 6 || total
-------------------------+-------+-------++-------
Melee: Mace              |    90 |   245 ||   335
Throw: Stone             |       |    18 ||    18
       Tomahawk          |       |     4 ||     4
  Use: Scroll            |     3 |     5 ||     8
       Potion            |     3 |       ||     3
 Stab: Sleeping          |     3 |     1 ||     4
  Eat: Chunk             |     1 |    11 ||    12
       Beef jerky        |       |     1 ||     1
       Pizza             |       |     1 ||     1
